 Dungeon Crawl Stone Soup version 0.26.0-41-g79a4fc7684 (webtiles) character file.

Game seed: 3899688092814403414

488 kaeus the Sneak (level 7, -1/46 HPs)
             Began as an Octopode Wanderer on Jan 27, 2021.
             Slain by an ice beast (12 damage)
             ... on level 6 of the Dungeon.
             The game lasted 00:08:45 (4392 turns).

kaeus the Sneak (Octopode Wanderer)                 Turns: 4392, Time: 00:08:46

Health: -1/46      AC:  8    Str: 10 (11) XL:     7   Next: 13%
Magic:  11/11      EV: 13    Int: 12 (14) God:
Gold:   195        SH:  7    Dex: 15 (16) Spells: 11/12 levels left

rFire    . . .     SeeInvis .   l - +1 dagger (protect)
rCold    . . .     Faith    .   j - +3 buckler
rNeg     . . .     Spirit   .   (helmet restricted)
rPois    +         Reflect  .   (no amulet)
rElec    .         Harm     .   q - ring "Wythrahu" {*Drain rPois rCorr Int+2 Stlth+}
rCorr    +         Rampage  .   (no ring)
Will     .....                  (no ring)
Stlth    +++++.....             (no ring)
HPRegen  0.15/turn              (no ring)
MPRegen  0.12/turn              (no ring)
                                (no ring)
                                (no ring)

@: protection aura, flying
A: almost no armour, stealthy swim, amphibious, 8 rings, constrict 8, camouflage
1, gelatinous body 1
a: no special abilities


You were on level 6 of the Dungeon.
You visited 1 branch of the dungeon, and saw 6 of its levels.
You also visited: Sewer.

You collected 285 gold pieces.
You spent 90 gold pieces at shops.

Inventory:

Hand Weapons
 a - a +2 short sword
 d - a +1 dagger of speed
 l - a +1 dagger of protection (weapon)
Armour
 j - a +3 buckler (worn)
Jewellery
 q - the ring "Wythrahu" (left tentacle) {*Drain rPois rCorr Int+2 Stlth+}
   (You found it on level 4 of the Dungeon)

   [ring of resist corrosion]

   It affects your intelligence (+2).
   It protects you from poison.
   It provides partial protection from all sources of acid and corrosion.
   It causes draining when unequipped.
   It makes you more stealthy.
Wands
 p - a wand of enslavement (5)
Scrolls
 b - 5 scrolls of remove curse
 c - 2 scrolls of fear {unknown}
 e - a scroll of fog
 h - 2 scrolls of enchant armour
 k - 4 scrolls of identify
 n - 3 scrolls of teleportation
 r - a scroll of magic mapping {unknown}
Potions
 f - a potion of lignification {unknown}
 g - a potion of degeneration
 i - a potion of magic {unknown}
 m - 2 potions of flight
Miscellaneous
 o - a phial of floods (inert)


   Skills:
 + Level 3.1 Fighting
 + Level 2.6 Short Blades
 + Level 2.2 Dodging
 * Level 5.3 Stealth
 + Level 1.6 Shields
 + Level 3.0 Spellcasting
 + Level 3.9 Ice Magic
 - Level 2.1 Evocations


You had 11 spell levels left.
You knew the following spells:

 Your Spells              Type           Power        Failure   Level
a - Freeze                Ice            44%          7%          1

Your spell library contained the following spells:

 Spells                   Type           Power        Failure   Level
 Ozocubu's Armour         Ice            11%          21%         3
 Beastly Appendage        Tmut           2%           32%         1
 Sandblast                Erth           2%           32%         1
 Wereblood                Tmut           1%           45%         2
 Spider Form              Tmut/Pois      0%           69%         3
 Stone Arrow              Conj/Erth      2%           69%         3
 Ice Form                 Ice/Tmut       6%           83%         4
 Blade Hands              Tmut           0%           100%        5


Dungeon Overview and Level Annotations

Branches:
Dungeon (6/15)              Sewer (visited)
 Temple: D:4-7

Altars:
Fedhas
Gozag
Kikubaaqudgha
Uskayaw

Shops:
D:4 *   D:5 ?


Innate Abilities, Weirdness & Mutations

You cannot wear most types of armour.
You are very stealthy in the water. (Stealth+)
You are amphibious.
You can wear up to eight rings at the same time.
You can use your tentacles to constrict eight enemies at once.
Your skin changes colour to match your surroundings (Stealth+).
Your rubbery body absorbs attacks. (AC +1, EV +1)


Message History

The orc is severely wounded.
The ice beast completely misses you. You block the orc's attack.
You hit the orc.
You kill the orc!
The ice beast completely misses you.
You hit the ice beast.
You squeeze the ice beast, but do no damage.
The ice beast is lightly wounded.
The ice beast closely misses you.
It was a potion of flight.
You feel very buoyant.
You fly up into the air.
The bullfrog misses you. The ice beast closely misses you.
It was a potion of degeneration.
There was something very wrong with that liquid.
You feel weakened.
You feel dopey.
You feel clumsy. The bullfrog barely misses you. The ice beast hits you.
* * * LOW HITPOINT WARNING * * *
The ice beast freezes you!
You die...

..#.
#.#.#
#...#
#...#
#.>.###
#....
#.))##
#.5YF#
#..)@#
#.####.#
#......#
########


You could see an ice beast, a bullfrog and a white imp.

Vanquished Creatures
  A water moccasin (Sewer)
  An ogre (D:4)
  2 orc priests (D:6)
  A hound (D:5)
  A worker ant (D:4)
  7 adders
  A gnoll (D:1)
  3 worms
  3 dart slugs
  5 leopard geckos
  8 orcs
  A ball python (D:1)
  3 giant cockroaches
  4 goblins
  8 hobgoblins
  9 jackals
  14 kobolds
  4 quokkas
  7 bats
  2 frilled lizards (D:1)
  10 rats
95 creatures vanquished.

Notes
Turn   | Place    | Note
-------+----------+-------------------------------------------
     0 | D:1      | kaeus the Octopode Wanderer began the quest for the Orb.
     0 | D:1      | kaeus set off with the following items: a +2 short sword;
                  | and the following spells available to memorise: Freeze,
                  | Ozocubu's Armour, Sandblast, Stone Arrow
     0 | D:1      | Reached XP level 1. HP: 14/14 MP: 3/3
     2 | D:1      | Learned a level 1 spell: Freeze
    58 | D:1      | Reached skill level 1 in Stealth
    60 | D:1      | Reached XP level 2. HP: 11/19 MP: 3/5
   150 | D:1      | Reached XP level 3. HP: 11/24 MP: 6/6
   367 | D:1      | Reached skill level 2 in Stealth
  1145 | D:2      | Reached skill level 1 in Dodging
  1225 | D:2      | Reached XP level 4. HP: 28/30 MP: 7/7
  1422 | D:2      | Found a hide-covered altar of Uskayaw.
  1484 | D:2      | Reached skill level 3 in Stealth
  2219 | D:3      | Found a blossoming altar of Fedhas.
  2294 | D:3      | Reached XP level 5. HP: 35/35 MP: 8/8
  2502 | D:3      | Found an ancient bone altar of Kikubaaqudgha.
  3020 | D:4      | Noticed an ogre
  3032 | D:4      | Killed an ogre
  3033 | D:4      | Reached skill level 4 in Stealth
  3033 | D:4      | Reached XP level 6. HP: 26/41 MP: 8/10
  3160 | D:4      | Found a glowing drain.
  3166 | D:4      | Reached skill level 1 in Shields
  3170 | Sewer    | Entered a sewer
  3238 | Sewer    | Noticed a water moccasin
  3252 | Sewer    | Killed a water moccasin
  3604 | D:4      | Found an opulent altar of Gozag.
  3610 | D:4      | Got a faintly glowing lead ring
  3611 | D:4      | Identified the ring "Wythrahu" {*Drain rPois rCorr Int+2
                  | Stlth+} (You found it on level 4 of the Dungeon)
  3616 | D:4      | Found Gozag's Platinum Reserve.
  3679 | D:5      | Entered Level 5 of the Dungeon
  3995 | D:5      | Found Toudysk's Magic Scroll Boutique.
  4014 | D:5      | Bought a scroll of enchant weapon for 90 gold pieces
  4153 | D:5      | Reached skill level 5 in Stealth
  4188 | D:5      | Noticed an ice beast
  4199 | D:6      | Reached XP level 7. HP: 25/46 MP: 11/11
  4392 | D:6      | Slain by an ice beast

Illustrated notes

Levels and vault maps discovered:
D:1:      saegor_arrival_miasma, layout_loops_ring, minmay_pentomino_z4
D:2:      minmay_skewed_foursquare, layout_loops_ring, lemuel_doored_altar
D:3:      layout_loops_ring, fedhas_altar_fruit_tree, kiku_gazebo_pond_becter,
          skrybe_limestone_x
D:4:      layout_loops_ring, nicolae_gozag_zags_fifth_avenue,
          portal_sewer_entry_d
D:5:      layout_basic, nicolae_qazlal_general_emergency,
          minmay_temple_entry_statues_pillars, serial_shops, shop,
          trog_butcher_becter, uniq_menkaure
D:6:      layout_basic, kennysheep_little_box, uniq_sigmund

Skill      XL: |  1  2  3  4  5  6 |
---------------+-------------------+-----
Stealth        | 1 2 3 4 5 |  5.3
Dodging        | 1 2 |  2.2
Short Blades   | 2 |  2.6
Shields        | 1 |  1.6
Fighting       | 3 |  3.1
Spellcasting   | 3 |  3.0
Ice Magic      | |  3.9
Evocations     | |  2.1

Action                   |  1- 3 |  4- 6 |  7- 9 || total
-------------------------+-------+-------+-------++-------
Melee: Short sword       |    59 |    35 |       ||    94
       Constrict         |    15 |    33 |     3 ||    51
       Tentacles         |     9 |    29 |     4 ||    42
       Dagger            |       |    96 |    12 ||   108
 Cast: Freeze            |     5 |       |       ||     5
Evoke: Phial of floods   |       |     1 |       ||     1
       Wand              |       |       |     1 ||     1
  Use: Scroll            |       |    12 |       ||    12
       Potion            |       |       |     2 ||     2
 Stab: Sleeping          |     9 |    12 |       ||    21
Armor: Skin              |     7 |    20 |     2 ||    29
Dodge: Dodged            |    23 |    58 |    10 ||    91
Block: Buckler           |       |    18 |     8 ||    26
